 Dungeon Crawl Stone Soup version 0.26-a0-712-ga5a9c9c9d0 (webtiles) character file.

Game seed: 4339985849985120255

70 dmks the Insei (level 4, -1/29 HPs)
             Began as an Octopode Transmuter on Nov 10, 2020.
             Slain by Grinder (6 damage)
             ... while paralysed by Grinder
             ... on level 3 of the Dungeon.
             The game lasted 00:03:54 (2551 turns).

dmks the Insei (Octopode Transmuter)                Turns: 2551, Time: 00:03:55

Health: -1/29      AC:  1    Str:  9    XL:     4   Next: 22%
Magic:  7/7        EV:  2    Int: 15    God:
Gold:   122        SH:  0    Dex: 13    Spells: 6/7 levels left

rFire    . . .     SeeInvis .     - Unarmed
rCold    . . .     Faith    .   (no shield)
rNeg     . . .     Spirit   .   (helmet restricted)
rPois    +         Reflect  .   (no amulet)
rElec    .         Harm     .   g - ring of poison resistance
rCorr    .         Rampage  .   (no ring)
MR       .....                  (no ring)
Stlth    +++.......             (no ring)
HPRegen  0.09/turn              (no ring)
MPRegen  0.10/turn              (no ring)
                                (no ring)
                                (no ring)

@: paralysed
A: almost no armour, stealthy swim, amphibious, 8 rings, constrict 8, camouflage
1, gelatinous body 1
a: no special abilities


You were on level 3 of the Dungeon.
You visited 1 branch of the dungeon, and saw 3 of its levels.

You collected 122 gold pieces.

Inventory:

Jewellery
 g - a ring of poison resistance (left tentacle)
   (You found it on level 1 of the Dungeon)
Scrolls
 b - 3 scrolls of immolation {unknown}
 c - a scroll of enchant weapon {unknown}
 d - a scroll of identify {unknown}
 e - a scroll of remove curse {unknown}
 f - 3 scrolls of teleportation {unknown}
 h - a scroll of random uselessness {unknown}
Potions
 a - a potion of degeneration {unknown}


   Skills:
 + Level 1.8 Fighting
 + Level 2.5 Dodging
 + Level 2.0 Stealth
 + Level 3.4 Unarmed Combat
 + Level 2.3 Spellcasting
 + Level 2.4 Transmutations


You had 6 spell levels left.
You knew the following spells:

 Your Spells              Type           Power        Failure   Level
a - Beastly Appendage     Tmut           #.....       8%          1

Your spell library contained the following spells:

 Spells                   Type           Power        Failure   Level
 Wereblood                Tmut           #.......     12%         2
 Spider Form              Tmut/Pois      #.........   36%         3
 Ice Form                 Ice/Tmut       #.......     78%         4
 Blade Hands              Tmut           #.........   91%         5


Dungeon Overview and Level Annotations

Branches:
Dungeon (3/15)

Altars:
Gozag
Uskayaw
Wu Jian
The Shining One

Annotations:
D:3 Grinder, Sigmund


Innate Abilities, Weirdness & Mutations

You cannot wear most types of armour.
You are very stealthy in the water. (Stealth+)
You are amphibious.
You can wear up to eight rings at the same time.
You can use your tentacles to constrict eight enemies at once.
Your skin changes colour to match your surroundings (Stealth+).
Your rubbery body absorbs attacks. (AC +1, EV +1)


Message History

An ooze comes into view.
An ooze is nearby!
An ooze is nearby!
A rat and a goblin come into view.
The helpless ooze fails to defend itself.
You tentacle-slap the ooze. You barely miss the ooze. The ooze hits you.
You tentacle-slap the ooze but do no damage.
The ooze misses you.
You tentacle-slap the ooze but do no damage.
The ooze barely misses you.
You tentacle-slap the ooze.
The goblin shouts!
Grinder comes into view.
The ooze closely misses you.
You barely miss the ooze. The ooze hits you but does no damage.
Grinder blinks!
Unknown command.
You tentacle-slap the ooze but do no damage.
The ooze hits you.
You completely miss the ooze. The ooze hits you.
One of your tentacles grows a vicious spike.
The ooze hits you. The ooze hits you.
You tentacle-slap the ooze but do no damage.
You pierce the ooze.
The goblin hits you with a +0 dagger.
* * * LOW HITPOINT WARNING * * *
The ooze closely misses you.
Sigmund the Dreaded comes into view.
He is wielding a +0 scythe.
Your transformation is almost over.
Sigmund moves out of view.
You miss the goblin. You grab the goblin.
You pierce the goblin.
You constrict the goblin. The goblin misses you.
You tentacle-slap the goblin.
You kill the goblin!
Your tentacle spike disappears.
You tentacle-slap the ooze but do no damage.
You tentacle-slap the ooze.
You kill the ooze!
You closely miss the rat. Your grab misses the rat. You squeeze the rat.
You kill the rat!
Things that are here:
a +0 dagger; a rat corpse; a goblin corpse Grinder gestures at you.
You resist with significant effort. Grinder gestures at you.
You suddenly lose the ability to move!
Grinder hits you!
* * * LOW HITPOINT WARNING * * *
You writhe in agony.
You die...

.......)...._..#........#
..##...###.............#
# #...# ##..#####.#.###
#...# ##5#####.# #.... #
#....#..#
..##.....###.#.## ...
#####.. #.#.# ....
##..#.5.# ####.##@##
.........# ####..#.##
##.#.## #....#####
#......<.## #.........#
#.......#.# #.<.....# #


You could see Grinder.

Vanquished Creatures
  A gnoll (D:1)
  2 adders (D:2)
  An ooze (D:3)
  2 dart slugs (D:1)
  A leopard gecko (D:1)
  A ball python (D:2)
  3 bats (D:1)
  2 giant cockroaches (D:1)
  3 goblins
  4 hobgoblins (D:1)
  10 kobolds
  3 rats
33 creatures vanquished.

Notes
Turn   | Place    | Note
-------+----------+-------------------------------------------
     0 | D:1      | dmks the Octopode Transmuter began the quest for the Orb.
     0 | D:1      | Reached XP level 1. HP: 13/13 MP: 3/3
   241 | D:1      | Reached skill level 1 in Stealth
   241 | D:1      | Reached XP level 2. HP: 11/18 MP: 5/5
   631 | D:1      | Reached XP level 3. HP: 23/23 MP: 6/6
  1719 | D:2      | Found an ornate altar of the Wu Jian Council.
  2055 | D:2      | Found a hide-covered altar of Uskayaw.
  2055 | D:2      | Found a glowing golden altar of the Shining One.
  2276 | D:2      | Reached XP level 4. HP: 23/29 MP: 7/7
  2478 | D:3      | Found an opulent altar of Gozag.
  2514 | D:3      | Noticed Grinder
  2523 | D:3      | Noticed Sigmund
  2547 | D:3      | Paralysed by Grinder for 6 turns
  2551 | D:3      | Slain by Grinder

Illustrated notes

Levels and vault maps discovered:
D:1:      minmay_arrival_three_doors, layout_loops_ring, serial_rivers,
          chequers_serial_rivers_small_3, chequers_serial_rivers_large_a,
          chequers_serial_rivers_micro_c, chequers_serial_rivers_small_b,
          chequers_serial_rivers_small_3, minmay_misc_feat_ornament,
          minivault_11
D:2:      layout_loops_corners, lemuel_round_altar, minitemple
D:3:      layout_rooms, nicolae_gozag_seed_capital, evilmike_ruin_ashenzari,
          fedhas_ov_isle_minmay, serial_glass, glass_columns_c, glass_columns_a,
          feat_on_display, item_on_display_a, item_on_display_a,
          kennysheep_minor_cross, minmay_tree_intersection,
          small_statue_intersection, uniq_sigmund, uniq_grinder

Skill      XL: |  1  2  3 |
---------------+----------+-----
Stealth        | 1 2 |  2.0
Fighting       | |  1.8
Dodging        | |  2.5
Unarmed Combat | |  3.4
Spellcasting   | |  2.3
Transmutations | |  2.4

Action                   |  1- 3 |  4- 6 || total
-------------------------+-------+-------++-------
Melee: Unarmed           |    77 |    13 ||    90
       Constrict         |    25 |     1 ||    26
       Tentacles         |    14 |     1 ||    15
       Kick              |     2 |     2 ||     4
       Punch             |     1 |     1 ||     2
 Cast: Beastly Appendage |     1 |     1 ||     2
 Stab: Sleeping          |     8 |     1 ||     9
Armor: Skin              |     8 |     1 ||     9
Dodge: Dodged            |    46 |     5 ||    51

Table legend: (Time is in decaauts)
 A = Elapsed time spent in this place.
 B = Non-inter-level travel time spent in this place.
 C = Inter-level travel time spent in this place.
 D = Time resting spent in this place.
 E = Time spent auto-exploring this place.
 F = Levels seen in this place.
 G = Mean time per level.
                   A        B        C        D        E       F      G
               +--------+--------+--------+--------+--------+-----+--------+
         Total |   2544 |   2444 |    100 |    300 |   1861 |   3 |  848.0 |
       Dungeon |   2544 |   2444 |    100 |    300 |   1861 |   3 |  848.0 |
               +--------+--------+--------+--------+--------+-----+--------+

Top non-repeatable levels by time:
     D:1: 1364 daAuts
     D:2: 1094 daAuts
     D:3: 85 daAuts
